 Dungeon Crawl Stone Soup version 0.25-a0-1113-g0499d652a8 (webtiles) character file.

Game seed: 12896510206434805342, levelgen mode: classic

11921 Amnesiac the Fighter (level 11, -2/120 HPs)
             Began as an Ogre Wizard on May 16, 2020.
             Was a High Priest of Okawaru.
             Slain by an orc warrior
             ... wielding a +0 long sword
              (9 damage)
             ... on level 1 of the Orcish Mines.
             The game lasted 00:23:46 (11436 turns).

Amnesiac the Fighter (Ogre Wizard)                 Turns: 11436, Time: 00:23:47

Health: -2/120     AC:  8    Str: 16    XL:     11   Next: 85%
Magic:  17/17      EV: 11    Int: 19    God:    Okawaru [*****.]
Gold:   537        SH:  0    Dex:  7    Spells: 4/18 levels left

rFire    . . .     SeeInvis .   a - +0 giant club
rCold    . . .     Gourm    .   (shield currently unavailable)
rNeg     . . .     Faith    .   q - +0 robe
rPois    .         Spirit   .   N - +0 hat {MR+}
rElec    .         Reflect  .   e - +0 cloak
rCorr    .         Harm     .   (gloves unavailable)
MR       ++...                  (boots unavailable)
Stlth    ++........             (no amulet)
HPRegen  0.30/turn              h - +4 ring of slaying
MPRegen  0.15/turn              y - +4 ring of protection

@: no status effects
A: large, unfitting armour, tough skin 1
a: Heroism, Finesse, Renounce Religion


You were on level 1 of the Orcish Mines.
You worshipped Okawaru.
Okawaru was extremely pleased with you.
You were very hungry.

You visited 2 branches of the dungeon, and saw 11 of its levels.
You also visited: Sewer.

You collected 627 gold pieces.
You spent 90 gold pieces at shops.

Inventory:

Hand Weapons
 a - a +0 giant club (weapon)
 l - a +0 whip of pain
 m - a +2 short sword of protection
 s - a +0 morningstar
 w - a +2 mace of holy wrath
 J - a +0 giant spiked club
Missiles
 x - 23 poisoned darts
 F - 5 silver javelins
 H - 306 stones
 K - 7 boomerangs (quivered)
Armour
 e - a +0 cloak (worn)
 f - the +2 kite shield "Acsuwulo" {rPois rF+ Str+2}
   (You took it off a kobold on level 7 of the Dungeon)

   It affects your strength (+2).
   It protects you from fire.
   It protects you from poison.
 q - a +0 robe (worn)
 N - a +0 hat of magic resistance (worn)
Magical Staves
 b - an uncursed staff of poison
Jewellery
 h - a +4 ring of slaying (left hand)
 i - an uncursed ring of stealth
 n - an uncursed ring of protection from cold
 y - a +4 ring of protection (right hand)
 A - an uncursed ring of magical power
Wands
 B - a wand of flame (28)
Scrolls
 c - a scroll of holy word {!r, unknown}
 j - 3 scrolls of magic mapping {!r}
 k - 5 scrolls of remove curse {!r}
 r - 2 scrolls of enchant weapon {!r}
 t - 9 scrolls of identify {!r}
 D - 3 scrolls of random uselessness {!r, unknown}
 G - 5 scrolls of fear {!r, unknown}
 I - a scroll of blinking {!r, unknown}
Potions
 g - a potion of flight {!q}
 o - 4 potions of curing {!q}
 p - 2 potions of ambrosia {!q, unknown}
 u - a potion of haste {!q, unknown}
 v - 2 potions of degeneration {!q, unknown}
 z - a potion of heal wounds {!q, unknown}
 C - 6 potions of stabbing {!q}
 E - a potion of might {!q, unknown}
Comestibles
 d - 17 rations


   Skills:
 + Level 11.4 Fighting
 * Level 11.2 Maces & Flails
 - Level 4.2 Dodging
 - Level 2.0 Stealth
 - Level 4.0 Spellcasting
 - Level 5.0 Conjurations
 - Level 0.8 Summonings
 - Level 0.8 Translocations
 + Level 6.1 Invocations
 - Level 4.0 Evocations


You had 4 spell levels left.
You knew the following spells:

 Your Spells              Type           Power        Failure   Level  Hunger
a - Magic Dart            Conj           ###.         1%          1    None
b - Call Imp              Summ           #.......     14%         2    ##.....
e - Mephitic Cloud        Conj/Pois/Air  ##......     22%         3    ###....
s - Conjure Flame         Conj/Fire      ##......     14%         3    ###....
v - Blink                 Tloc           N/A          14%         2    ##.....
z - Confusing Touch       Hex            #.......     38%         3    ###....

Your spell library contained the following spells:

 Spells                   Type           Power        Failure   Level  Hunger
 Poisonous Vapours        Pois/Air       #.....       21%         2    ##.....
 Slow                     Hex            #.......     21%         2    ##.....
 Gell's Gravitas          Tloc           #.........   28%         3    ###....
 Petrify                  Tmut/Erth      #.......     80%         4    ####...
 Metabolic Englaciation   Hex/Ice        #.........   98%         5    ######.
 Yara's Violent Unravell  Hex/Tmut       #.........   98%         5    ######.
 Freezing Cloud           Conj/Ice/Air   ##........   100%        6    #######
 Ring of Flames           Chrm/Fire      #.........   100%        7    #######


Dungeon Overview and Level Annotations

Branches:
Dungeon (10/15)            Temple (0/1) D:6            Lair (0/6) D:10
    Orc (1/2) D:10          Sewer (visited)

Altars:
Cheibriados
Hepliaklqana
Okawaru
Sif Muna
Trog
Xom
Zin

Shops:
D:10 (


Innate Abilities, Weirdness & Mutations

You are too large for most types of armour.
You have tough skin. (AC +1)


Message History

You completely miss the orc warrior.
The orc warrior is severely wounded.
The orc hits you with a cursed -2 short sword.
The orc warrior hits you with a +0 short sword!
* * * LOW HITPOINT WARNING * * *
You barely miss the orc warrior.
The orc warrior is severely wounded.
The orc warrior hits you with a +0 long sword!
* * * LOW HITPOINT WARNING * * *
The orc closely misses you.
The orc warrior hits you with a +0 short sword.
* * * LOW HITPOINT WARNING * * *
You hit the orc warrior.
The orc warrior is severely wounded.
The orc warrior closely misses you. Something hits you.
* * * LOW HITPOINT WARNING * * *
The orc hits you but does no damage. The orc warrior misses you.
You bludgeon the orc warrior!!
You kill the orc warrior!
Okawaru accepts your kill.
The orc warrior hits you with a +0 long sword!
* * * LOW HITPOINT WARNING * * *
Something hits you but does no damage.
You are too injured to fight recklessly!
You are too injured to fight recklessly!
You are too injured to fight recklessly!
You are too injured to fight recklessly!
You are too injured to fight recklessly!
You are too injured to fight recklessly!
You are too injured to fight recklessly!
You are too injured to fight recklessly!
You are too injured to fight recklessly!
You are too injured to fight recklessly!
You are too injured to fight recklessly!
You are too injured to fight recklessly!
You sock the orc warrior!
The orc warrior is moderately wounded.
You hear some strange, mumbled words.
A magic dart appears from out of thin air!
The magic dart hits you.
* * * LOW HITPOINT WARNING * * *
The orc hits you but does no damage. x2
The orc warrior hits you but does no damage.
The orc hits you with a cursed -2 short sword.
* * * LOW HITPOINT WARNING * * *
You hit the orc warrior.
The orc warrior is moderately wounded.
Something hits you.
* * * LOW HITPOINT WARNING * * *
The orc hits you with a +1 short sword of electrocution.
* * * LOW HITPOINT WARNING * * *
The orc barely misses you.
The orc warrior hits you with a +0 long sword!
* * * LOW HITPOINT WARNING * * *
The orc barely misses you.
You hit the orc warrior.
The orc warrior is heavily wounded.
Something hits you.
* * * LOW HITPOINT WARNING * * *
The orc barely misses you. The orc hits you.
* * * LOW HITPOINT WARNING * * *
The orc completely misses you.
The orc warrior hits you with a +0 long sword!
You die...

...## #....#. ...
...$... #.#.#...#
.......
##........####).[....
#..........##........
..........#.o{......
...........@o......
#.........oo#.....
#...#.#...........
#.................
##.#<..........>.$
##.))............
#.....)#.........
##......#........
#................


You could see an orc warrior and 3 orcs.

Vanquished Creatures
  Gastronok (D:10)
  3 two-headed ogres
  Pikel (D:8)
  An elephant (D:10)
  Psyche (D:9)
  A troll (D:10)
  A hornet (D:9)
  Grinder (D:4)
  2 hippogriffs (D:10)
  A wyvern (D:9)
  A wraith (D:10)
  A hungry ghost (D:7)
  A water moccasin (D:10)
  A sky beast (D:6)
  2 slaves (D:8)
  6 ogres
  12 orc warriors
  3 ice beasts
  2 necrophages
  2 centaurs
  3 crocodiles
  2 big kobolds
  2 gnoll sergeants
  5 bullfrogs
  4 scorpions
  A wyvern skeleton (D:10)
  4 wights (D:7)
  6 killer bees (D:9)
  6 howler monkeys
  3 crimson imps (D:7)
  A centaur zombie (D:10)
  4 hounds
  6 jellies
  A centaur skeleton (D:5)
  12 orc wizards
  8 orc priests
  5 iguanas
  13 worker ants
  A hound zombie (D:8)
  A howler monkey skeleton (D:5)
  A worker ant zombie (D:5)
  10 adders
  14 gnolls
  A river rat (D:3)
  3 shadow imps (D:8)
  2 adder skeletons
  4 worms (D:3)
  2 dart slugs
  5 leopard geckos
  43 orcs
  A ball python (D:3)
  3 giant cockroaches
  6 hobgoblins
  3 jackals (D:5)
  9 kobolds
  9 quokkas
  10 bats
  2 frilled lizards
  5 goblins
  A quokka skeleton (D:5)
  A quokka zombie (D:6)
  14 rats
281 creatures vanquished.

Vanquished Creatures (collateral kills)
  A worker ant (D:2)
1 creature vanquished.

Vanquished Creatures (others)
  2 slaves (D:8)
  An orc wizard (D:8)
3 creatures vanquished.

Grand Total: 285 creatures vanquished

Notes
Turn   | Place    | Note
-------+----------+-------------------------------------------
     0 | D:1      | Amnesiac the Ogre Wizard began the quest for the Orb.
     0 | D:1      | Reached XP level 1. HP: 16/16 MP: 5/5
    70 | D:1      | Reached skill level 1 in Conjurations
   271 | D:1      | Reached XP level 2. HP: 21/24 MP: 6/6
   818 | D:1      | Learned a level 2 spell: Blink
   821 | D:1      | Learned a level 2 spell: Call Imp
   834 | D:2      | Reached XP level 3. HP: 31/31 MP: 1/8
   839 | D:2      | Learned a level 3 spell: Mephitic Cloud
  1103 | D:2      | Found an iron altar of Okawaru.
  1130 | D:2      | Became a worshipper of Warmaster Okawaru
  1138 | D:2      | Reached XP level 4. HP: 29/39 MP: 3/10
  1228 | D:2      | Learned a level 3 spell: Conjure Flame
  1846 | D:3      | Found a glowing drain.
  1946 | Sewer    | Entered a sewer
  2022 | Sewer    | Noticed a crocodile
  2033 | Sewer    | Killed a crocodile
  2033 | Sewer    | Reached XP level 5. HP: 15/45 MP: 4/11
  2285 | D:3      | Found a faded altar of an unknown god.
  2312 | D:3      | Found Zin's Purification Station.
  2313 | D:3      | Found a glowing silver altar of Zin.
  2318 | D:3      | Bought a potion of curing for 90 gold pieces
  2526 | D:3      | Found a snail-covered altar of Cheibriados.
  2540 | D:3      | Reached XP level 6. HP: 42/53 MP: 12/12
  2645 | D:3      | Found a shimmering blue altar of Sif Muna.
  2750 | D:3      | Reached * piety under Okawaru
  2937 | D:4      | Reached skill level 5 in Conjurations
  3244 | D:4      | Reached skill level 1 in Fighting
  3244 | D:4      | Reached skill level 1 in Maces & Flails
  3269 | D:4      | Reached XP level 7. HP: 53/62 MP: 13/13
  3326 | D:4      | Noticed Grinder
  3332 | D:4      | Learned a level 3 spell: Confusing Touch
  3384 | D:4      | HP: 4/93 [Grinder (9)]
  3385 | D:4      | Killed Grinder
  3385 | D:4      | Reached ** piety under Okawaru
  3546 | D:4      | Found a shimmering altar of Xom.
  3548 | D:4      | Found a shimmering altar of Xom.
  3579 | D:4      | Found a shimmering altar of Xom.
  3579 | D:4      | Found a shimmering altar of Xom.
  3604 | D:4      | Found a shimmering altar of Xom.
  3605 | D:4      | Found a shimmering altar of Xom.
  3866 | D:4      | Reached XP level 8. HP: 71/78 MP: 14/14
  4207 | D:4      | Found a hazy altar of Hepliaklqana.
  4381 | D:5      | Entered Level 5 of the Dungeon
  4867 | D:5      | Reached skill level 5 in Fighting
  4870 | D:5      | Reached skill level 5 in Maces & Flails
  5026 | D:6      | Reached *** piety under Okawaru
  5261 | D:6      | Reached skill level 1 in Evocations
  5262 | D:6      | Received a gift from Okawaru
  5299 | D:6      | Found a bloodstained altar of Trog.
  5490 | D:6      | Found a staircase to the Ecumenical Temple.
  5514 | D:6      | Reached XP level 9. HP: 40/89 MP: 8/15
  5790 | D:7      | Reached **** piety under Okawaru
  6413 | D:7      | Identified the +2 kite shield "Acsuwulo" {rPois rF+ Str+2}
  6751 | D:8      | Noticed a two-headed ogre
  6764 | D:8      | Killed a two-headed ogre
  6764 | D:8      | Reached ***** piety under Okawaru
  6764 | D:8      | Reached XP level 10. HP: 104/104 MP: 10/16
  6767 | D:8      | Noticed a two-headed ogre
  6784 | D:8      | Killed a two-headed ogre
  6922 | D:8      | Noticed Pikel
  6965 | D:8      | Killed Pikel
  6965 | D:8      | Reached skill level 1 in Invocations
  8791 | D:9      | Noticed Psyche
  8800 | D:9      | Killed Psyche
  8800 | D:9      | Received a gift from Okawaru
  8800 | D:9      | Reached skill level 10 in Fighting
  8800 | D:9      | Reached XP level 11. HP: 92/117 MP: 13/17
  9099 | D:10     | Entered Level 10 of the Dungeon
  9144 | D:10     | Noticed Gastronok
  9166 | D:10     | Killed Gastronok
  9166 | D:10     | Reached skill level 10 in Maces & Flails
  9234 | D:10     | Found a staircase to the Lair.
  9577 | D:10     | Found Sufal's Weapon Shoppe.
  9629 | D:10     | Reached skill level 5 in Invocations
  9946 | D:10     | Found a staircase to the Orcish Mines.
 10818 | Orc:1    | Entered Level 1 of the Orcish Mines
 10821 | Orc:1    | Noticed a two-headed ogre
 10835 | D:10     | Killed a two-headed ogre
 11436 | Orc:1    | Slain by an orc warrior

Illustrated notes

Levels and vault maps discovered:
D:1:      psy_arrival_radial02, layout_loops_cross, minmay_pentomino_r2
D:2:      layout_loops_ring, okawaru_ov_weapons_minmay, first_ration,
          hangedman_glass_teeth
D:3:      layout_loops_cross, zin_purify, lemuel_crystal_altar,
          overflow_temple_1_default, chequers_ecumenical_altar_island,
          lightli_sewer_entry_pipes
D:4:      layout_loops_corners, lemuel_coloured_pillars_altar, xom_redecorated,
          uniq_grinder
D:5:      minmay_opposing_rooms, layout_loops_ring
D:6:      layout_cave_pools, minmay_temple_entry_waves, trog_butcher_becter
D:7:      layout_basic
D:8:      layout_basic, kennysheep_generic_room_5, uniq_pikel
D:9:      layout_roguey, uniq_psyche
D:10:     layout_irregular_city, david_lair_generic,
          kennysheep_orc_monster_closet_entryway, serial_shops,
          nicolae_shop_waterfront, uniq_gastronok
Orc:1:    layout_caves, uniq_sonja

Skill      XL: |  1  2  3  4  5  6  7  8  9 10 11 |
---------------+----------------------------------+-----
Conjurations   | 1 2 4 5 |  5.0
Spellcasting   | 4 |  4.0
Stealth        | 2 |  2.0
Dodging        | 2 3 4 |  4.2
Fighting       | 1 4 6 8 10 11 | 11.4
Maces & Flails | 1 4 6 8 9 11 | 11.2
Evocations     | 1 3 4 |  4.0
Invocations    | 3 6 |  6.1
Summonings     | |  0.8
Translocations | |  0.8

Action                   |  1- 3 |  4- 6 |  7- 9 | 10-12 || total
-------------------------+-------+-------+-------+-------++-------
Melee: Unarmed           |    15 |       |       |       ||    15
       Spear             |    50 |       |       |       ||    50
       Mace              |     3 |    75 |       |       ||    78
       Giant club        |       |    27 |   232 |   246 ||   505
       Staff             |       |       |       |     2 ||     2
Throw: Dart              |    63 |   122 |   139 |     3 ||   327
       Javelin           |       |       |    21 |    39 ||    60
       Boomerang         |       |       |       |   146 ||   146
 Cast: Magic Dart        |    14 |    17 |     3 |     1 ||    35
       Call Imp          |     1 |     1 |       |     1 ||     3
       Conjure Flame     |       |     1 |     3 |     3 ||     7
       Mephitic Cloud    |       |     2 |    14 |    23 ||    39
       Confusing Touch   |       |       |     4 |       ||     4
       Blink             |       |       |       |     2 ||     2
Invok: Heroism           |       |       |       |     1 ||     1
       Finesse           |       |       |       |     1 ||     1
  Use: Scroll            |       |     7 |       |       ||     7
       Potion            |       |     2 |     4 |       ||     6
 Stab: Confused          |       |     2 |     5 |     8 ||    15
  Eat: Chunk             |     1 |     7 |    16 |    13 ||    37
       Ration            |       |       |       |     1 ||     1
Armor: Robe              |    19 |    31 |    80 |    58 ||   188
       Skin              |       |       |    21 |       ||    21
Dodge: Dodged            |    28 |    42 |   117 |   132 ||   319

Table legend:
 A = Non-vault XP
 B = Vault XP
 C = Vault XP percentage of total XP
 D = Non-vault monster count
 E = Vault monster count
 F = Vault count percentage of total count
                 A         B        C        D         E       F
            +---------+---------+-------+---------+---------+-------
      Total |   10377 |    6653 |  39.1 |     225 |      55 |  19.6
            +---------+---------+-------+---------+---------+-------
        D:1 |      23 |       3 |  11.5 |      13 |       2 |  13.3
        D:2 |      77 |       0 |   0.0 |      19 |       0 |   0.0
        D:3 |      94 |      31 |  24.8 |      18 |       8 |  30.8
        D:4 |     735 |     272 |  27.0 |      26 |       1 |   3.7
        D:5 |     146 |     103 |  41.4 |      10 |       6 |  37.5
        D:6 |     527 |     237 |  31.0 |      14 |       4 |  22.2
        D:7 |    1667 |       0 |   0.0 |      35 |       0 |   0.0
        D:8 |    2712 |     612 |  18.4 |      27 |       3 |  10.0
        D:9 |    1599 |     491 |  23.5 |      29 |       2 |   6.5
       D:10 |    2533 |    4792 |  65.4 |      27 |      23 |  46.0
      Orc:1 |     264 |       0 |   0.0 |       7 |       0 |   0.0
      Sewer |       0 |     112 | 100.0 |       0 |       6 | 100.0
            +---------+---------+-------+---------+---------+-------
